 Dungeon Crawl Stone Soup version 0.27-a0-1200-g94dc6ad4cf (webtiles) character file.

Game seed: 701868407368798611

81 Shayle the Skirmisher (level 4, -4/48 HPs)
             Began as an Ogre Warper on May 31, 2021.
             Slain by Sigmund
             ... wielding a +0 scythe
              (12 damage)
             ... on level 2 of the Dungeon.
             The game lasted 00:06:00 (2014 turns).

Shayle the Skirmisher (Ogre Warper)                 Turns: 2014, Time: 00:06:00

Health: -4/48      AC:  4    Str: 15    XL:     4   Next: 40%
Magic:  7/7        EV:  9    Int: 15    God:
Gold:   75         SH:  5    Dex:  8    Spells: 2/7 levels left

rFire    . . .     SeeInvis .   f - +0 battleaxe
rCold    . . .     Faith    .   (shield currently unavailable)
rNeg     . . .     Spirit   .   b - +0 robe
rPois    .         Reflect  +   (helmet restricted)
rElec    .         Harm     .   h - +0 cloak
rCorr    .         Rampage  .   (gloves unavailable)
Will     .....                  (boots unavailable)
Stlth    +.........             c - amulet of reflection
HPRegen  0.16/turn              (no ring)
MPRegen  0.10/turn              (no ring)

@: no status effects
A: large, unfitting armour, tough skin 1
a: no special abilities


You were on level 2 of the Dungeon.
You visited 1 branch of the dungeon, and saw 2 of its levels.

You collected 75 gold pieces.

Inventory:

Hand Weapons
 a - a +0 mace
 f - a +0 battleaxe (weapon)
Missiles
 e - 5 boomerangs of dispersal (quivered)
Armour
 b - a +0 robe (worn)
 h - a +0 cloak (worn)
Jewellery
 c - an amulet of reflection (around neck)
Wands
 j - a wand of digging (5)


   Skills:
 + Level 4.1 Fighting
 + Level 2.7 Maces & Flails
 - Level 1.0 Throwing
 - Level 2.1 Dodging
 - Level 2.4 Spellcasting
 + Level 3.4 Translocations


You had 2 spell levels left.
You knew the following spells:

 Your Spells              Type           Power      Damage    Failure   Level
a - Blink                 Tloc           N/A        N/A       8%          2
b - Teleport Other        Tloc           12%        N/A       16%         3

Your spell library contained the following spells:

 Spells                   Type           Power      Damage    Failure   Level
 Apportation              Tloc           24%        N/A       5%          1
 Animate Skeleton         Necr           2%         N/A       22%         1
 Corona                   Hex            1%         N/A       22%         1
 Summon Small Mammal      Summ           4%         N/A       22%         1
 Gell's Gravitas          Tloc           6%         N/A       16%         3
 Lesser Beckoning         Tloc           6%         N/A       16%         3
 Manifold Assault         Tloc           12%        N/A       82%         5


Dungeon Overview and Level Annotations

Branches:
Dungeon (2/15)

Altars:

Shops:
D:1 =

Annotations:
D:2 Sigmund


Innate Abilities, Weirdness & Mutations

You are too large for most types of armour.
You have tough skin. (AC +1)


Message History

The puff of flame hits you!
* * * LOW HITPOINT WARNING * * *
You closely miss Sigmund.
Sigmund is severely wounded.
Sigmund barely misses you. x2
You hit Sigmund.
Sigmund is severely wounded.
Sigmund points at you and mumbles some strange words.
You resist with some effort.
You closely miss Sigmund.
Sigmund is severely wounded.
Sigmund hits you with a +0 scythe.
* * * LOW HITPOINT WARNING * * *
Sigmund points at you and mumbles some strange words.
You are confused.
Unknown command.
You feel better.
Sigmund points at himself and mumbles some strange words.
Sigmund flickers and vanishes!
Deactivating autopickup; reactivate with Ctrl-A.
Unknown command.
Blink to where?
Press: ? - help, Dir - move target
As you read the scroll of blinking, it crumbles to dust.
You are confused.
You bump into the rock wall.
Something tries to affect you, but you resist.
You bump into the rock wall.
You bump into the rock wall.
You bump into the rock wall.
You see here a +0 pair of boots.
You feel less confused. You block something's attack.
A puff of flame appears from out of thin air!
The puff of flame hits you!
* * * LOW HITPOINT WARNING * * *
You see here 9 stones.
There is a stone staircase leading up here.
Something hits you!
You die...

#..## #.#...# #..## #.## ...#
#..##..# #.# ##... ###..##
##.###.# ##.# ##..## ....#
#..##.### #..###...## #.###
##.##...###.......... #.# #.#
#.....###..#.#. #.. #>#
###.......#..#.
##.###########.######...#####.##.
##..............@.......####..##^
#######...#####..#####....##.###.
...#......######........#.##.# #.
............÷.....####.##.[#.# #.
..............##.## #..###.#.# ..
...........##.....###.####.#.#
..†........#####...(.....#.#.# #
...........# ###....##.....##.#
...........# ###..####......#


There were no monsters in sight!

Vanquished Creatures
  3 adders (D:2)
  2 dart slugs (D:1)
  10 endoplasms
  4 giant cockroaches
  4 goblins
  4 hobgoblins
  A jackal (D:1)
  A quokka (D:1)
  3 ball pythons
  4 bats (D:1)
  3 frilled lizards
  6 rats
45 creatures vanquished.

Notes
Turn   | Place    | Note
-------+----------+-------------------------------------------
     0 | D:1      | Shayle the Ogre Warper began the quest for the Orb.
     0 | D:1      | Reached XP level 1. HP: 22/22 MP: 3/3
   150 | D:1      | Reached skill level 3 in Fighting
   158 | D:1      | Reached XP level 2. HP: 26/31 MP: 5/5
   279 | D:1      | Found Uniesoth's Jewellery Shop.
   618 | D:1      | Reached XP level 3. HP: 36/37 MP: 6/6
  1079 | D:1      | Learned a level 2 spell: Blink
  1083 | D:1      | Learned a level 3 spell: Teleport Other
  1611 | D:2      | Reached XP level 4. HP: 44/48 MP: 7/7
  1660 | D:2      | Reached skill level 4 in Fighting
  1977 | D:2      | Noticed Sigmund
  2014 | D:2      | Slain by Sigmund

Illustrated notes

Levels and vault maps discovered:
D:1:      onia_arrival_handbag, layout_basic, serial_shops, shop
D:2:      layout_rooms, basic_altar, uniq_sigmund

Skill      XL: |  1  2  3  4 |
---------------+-------------+-----
Fighting       | 3 4 |  4.1
Maces & Flails | 2 |  2.7
Translocations | 3 |  3.4
Throwing       | |  1.0
Dodging        | |  2.1
Spellcasting   | |  2.4

Action                   |  1- 3 |  4- 6 || total
-------------------------+-------+-------++-------
Melee: Mace              |   138 |     2 ||   140
       Battleaxe         |       |    28 ||    28
  Use: Scroll            |     3 |     1 ||     4
       Potion            |     1 |     1 ||     2
 Stab: Sleeping          |     1 |       ||     1
Armor: Robe              |    67 |     8 ||    75
Dodge: Dodged            |    88 |    17 ||   105
Block: Other             |    45 |     7 ||    52

Table legend: (Time is in decaauts)
 A = Elapsed time spent in this place.
 B = Non-inter-level travel time spent in this place.
 C = Inter-level travel time spent in this place.
 D = Time resting spent in this place.
 E = Time spent auto-exploring this place.
 F = Levels seen in this place.
 G = Mean time per level.
                   A        B        C        D        E       F      G
               +--------+--------+--------+--------+--------+-----+--------+
         Total |   2076 |   2048 |     28 |    284 |   1193 |   2 | 1038.0 |
       Dungeon |   2076 |   2048 |     28 |    284 |   1193 |   2 | 1038.0 |
               +--------+--------+--------+--------+--------+-----+--------+

Top non-repeatable levels by time:
     D:1: 1248 daAuts
     D:2: 828 daAuts
